 Dungeon Sprint DCSS version 0.20-a0-251-g16a58bf (webtiles) character file.

12559 Dfrag the Severer (level 11, -26/111 HPs)
             Began as a Deep Dwarf Fighter on Nov 30, 2016.
             Was the Champion of Makhleb.
             Killed by the air
             ... invoked by a spriggan air mage
              (27 damage)
             ... in the Dungeon (Sprint V: "Ziggurat Sprint").
             The game lasted 00:02:50 (301 turns).

Dfrag the Severer (Deep Dwarf Fighter)               Turns: 301, Time: 00:02:50

Health: -26/111    AC: 30    Str: 27    XL:     11   Next: 64%
Magic:  11/11      EV: 12    Int:  9    God:    Makhleb [******]
Gold:   0          SH: 33    Dex: 20    Spells: 10/10 levels left

rFire  . . .     SeeInvis +     L - +14 obsidian axe {chop, +Fly SInv *Curse} (curse)
rCold  . . .     Gourm    .     M - +15 Maxwell's patent armour {-Cast -Tele rElec MR+ rCorr}
rNeg   + . .     Faith    .     N - +18 shield of the Gong {rElec rN+ MR+ EV-5}
rPois  .         Spirit   .     (no helmet)
rElec  +         Reflect  .     (no cloak)
rCorr  +         Harm     .     (no gloves)
MR     +++..     NoTele   +     P - +0 pair of boots {Fly}
Stlth  .......... NoCast   +    (no amulet)
                                F - +6 ring of strength
                                y - +6 ring of dexterity

@: flying, mesmerised, non-regenerating, studying Bows
A: damage resistance, recharge devices, sense surroundings 2, slow regeneration
3
a: Device Recharging, Minor Destruction, Lesser Servant of Makhleb, Major
Destruction, Greater Servant of Makhleb, Renounce Religion, Stop Flying


You were in the Dungeon.
You worshipped Makhleb.
Makhleb was exalted by your worship.
You were not hungry.

You visited 1 branch

Inventory:

Hand Weapons
 a - a +0 war axe
 L - the cursed +14 obsidian axe (weapon) {chop, +Fly SInv *Curse}
   (You found it in the Dungeon)

   It inflicts extra damage upon your enemies.
   It lets you see invisible.
   It lets you fly.
   It may re-curse itself when equipped.
   It has a curse placed upon it.
Armour
 b - a +0 scale mail
 c - a +0 shield
 M - the +15 Maxwell's patent armour (worn) {-Cast -Tele rElec MR+ rCorr}
   (You found it in the Dungeon)

   It insulates you from electricity.
   It affects your resistance to hostile enchantments.
   It prevents spellcasting.
   It prevents most forms of teleportation.
   It protects you from acid and corrosion.
 N - the +18 shield of the Gong (worn) {rElec rN+ MR+ EV-5}
   (You found it in the Dungeon)

   It affects your evasion (-5).
   It insulates you from electricity.
   It protects you from negative energy.
   It affects your resistance to hostile enchantments.
 P - a +0 pair of boots of flying (worn)
Jewellery
 y - a +6 ring of dexterity (left hand)
 B - a +6 ring of dexterity
 C - a +6 ring of intelligence
 D - a +6 ring of intelligence
 E - a +6 ring of strength
 F - a +6 ring of strength (right hand)
 Q - the ring of Cuhiguiph {rCorr *Corrode rPois rN++ SInv}
   (You found it in the Dungeon)

   [ring of resist corrosion]

   It protects you from poison.
   It greatly protects you from negative energy.
   It lets you see invisible.
   It may corrode you when you take damage.
Wands
 e - a wand of heal wounds (5/9)
 G - a wand of disintegration (7/24)
 H - a wand of iceblast (5/15)
 I - a wand of lightning (5/15)
 J - a wand of acid (5/15)
Scrolls
 l - 4 scrolls of blinking
 r - 4 scrolls of amnesia
 s - 3 scrolls of recharging
 t - 7 scrolls of fog
 u - a scroll of holy word
 v - 5 scrolls of identify
 w - 5 scrolls of remove curse
 x - 2 scrolls of fear
Potions
 d - 6 potions of might
 g - 10 potions of curing
 h - 10 potions of heal wounds
 i - 6 potions of haste
 j - 7 potions of magic
 k - 3 potions of berserk rage
 m - 2 potions of brilliance
 n - 2 potions of invisibility
 o - 4 potions of resistance
 p - a potion of experience
 q - 5 potions of agility
Books
 O - a manual of Bows
Miscellaneous
 K - a disc of storms
Comestibles
 f - 5 bread rations
 z - 42 fruits
 A - 4 meat rations


   Skills:
 + Level 11.2 Fighting
 + Level 18.0 Axes
 + Level 9.9 Armour
 * Level 14.3 Dodging
 + Level 14.6 Shields


You had 10 spell levels left.
You didn't know any spells.

Dungeon Overview and Level Annotations

Branches:
Dungeon (1/1)

Altars:
Ashenzari
Cheibriados
Dithmenos
Elyvilon
Fedhas
Gozag
Hepliaklqana
Kikubaaqudgha
Makhleb
Nemelex Xobeh
Okawaru
Qazlal
Ru
Sif Muna
Trog
Uskayaw
Vehumet
Xom
Yredelemnul
Zin
The Shining One
Beogh
Jiyva
Lugonu


Innate Abilities, Weirdness & Mutations

You are resistant to damage.
You can recharge devices by infusing magical energy.
You passively map the area around you.
You do not regenerate.


Message History

You destroy the briar patch!
The spriggan air mage waves its arms in wide circles.
The air twists around and violently strikes you in flight!
* * * LOW HITPOINT WARNING * * *
The faun shoots a stone.
GONNNNG!
You block the stone.
The thorn hunter fires a volley of thorns at you.
You block the volley of thorns.
GONNNNG!
The spriggan rider shoots a curare-tipped needle.
PANG!
You block the curare-tipped needle.
The shambling mangrove is struck by the briar patch's thorns.
The shambling mangrove hits the briar patch.
You block the spriggan rider's attack.
GONNNNG!
The spriggan air mage waves its arms in wide circles.
The air twists around and violently strikes you in flight!
You die...

, ,
▓....(....▓.......▓ ,*
* *
▓▓▓▓▓▓▓▓▓▓▓▓▓▓▓▓▓▓▓▓▓
,, 8,
▓...8©8...▓...8©8...▓
, ,
▓..}.)[...▓..").)[..▓
,
▓...i=.)..▓...[|44..▓
,
▓.iiffcY..▓.........▓
,
▓.PiPPki..▓.).......▓
, ,,
▓PP..PPPP.▓...(.)...▓
,
,▓PP.@3PPPP▓.).)()...▓
, , ,
▓...(.....▓.▓.....▓.▓
▓.▓.....▓.▓.........▓
, ,,
▓.........▓▓▓▓▓▓▓▓▓▓▓
* * ** ▓▓▓▓▓▓▓▓▓▓▓ * *
* ,, 8 , , , ,,,, , ,,
, ≈ , , , , , , , ,


You could see an apis, a thorn hunter, a shambling mangrove, 2 spriggan riders,
a wind drake, a faun, 3 spriggan air magi and a friendly smoke demon.

Vanquished Creatures
  A deep elf demonologist (D)
  A dancing weapon (D)
  4 deep elf knights (D)
  2 deep elf archers (D)
  7 deep elf magi (D)
  2 cyclopes (D)
  An eye of devastation (D)
  A queen bee (shapeshifter) (D)
  6 merfolk (D)
  A slime creature (D)
  A jumping spider (D)
  5 hippogriffs (D)
  2 golden eyes (D)
  2 floating eyes (D)
  3 scorpions (D)
  A jelly (D)
  2 mummies (D)
  2 adders (D)
  An ooze (D)
  A quokka zombie (D)
  4 briar patches (D)
50 creatures vanquished.

Vanquished Creatures (collateral kills)
  An eye of devastation (D)
  6 merfolk (D)
  A floating eye (D)
8 creatures vanquished.

Vanquished Creatures (others)
  Terence (D)
1 creature vanquished.

Grand Total: 59 creatures vanquished

Notes
Turn   | Place    | Note
-------+----------+-------------------------------------------
     0 | D        | Dfrag the Deep Dwarf Fighter began the quest for the Orb.
     0 | D        | Reached XP level 1. HP: 20/20 MP: 1/1
     4 | D        | Found a deep blue altar of Sif Muna.
     4 | D        | Found a bloodstained altar of Trog.
     4 | D        | Found a sacrificial altar of Ru.
     4 | D        | Found a stormy altar of Qazlal.
     4 | D        | Found an iron altar of Okawaru.
     5 | D        | Found a sparkling altar of Nemelex Xobeh.
     5 | D        | Found a blossoming altar of Fedhas.
     7 | D        | Found an ancient bone altar of Kikubaaqudgha.
     7 | D        | Found a viscous altar of Jiyva.
     7 | D        | Found a corrupted altar of Lugonu.
     7 | D        | Found a hazy altar of Hepliaklqana.
     7 | D        | Found a burning altar of Makhleb.
     7 | D        | Found an opulent altar of Gozag.
    10 | D        | Killed Terence
    30 | D        | Became a worshipper of Makhleb the Destroyer
    87 | D        | Entered arena 1.
    89 | D        | Reached skill level 1 in Dodging
    89 | D        | Reached XP level 2. HP: 28/28 MP: 2/2
    94 | D        | Entered arena 2.
    97 | D        | Reached * piety under Makhleb
    98 | D        | Reached skill level 3 in Axes
    98 | D        | Reached XP level 3. HP: 36/36 MP: 3/3
   110 | D        | Entered arena 3.
   110 | D        | Noticed a jumping spider
   110 | D        | Noticed a scorpion
   110 | D        | Noticed a scorpion
   110 | D        | Noticed a scorpion
   113 | D        | Killed a scorpion
   113 | D        | Reached ** piety under Makhleb
   113 | D        | Reached skill level 4 in Axes
   113 | D        | Reached skill level 5 in Armour
   113 | D        | Reached skill level 5 in Shields
   113 | D        | Reached XP level 4. HP: 42/45 MP: 4/4
   114 | D        | Reached skill level 5 in Fighting
   114 | D        | Reached skill level 5 in Axes
   114 | D        | Reached XP level 5. HP: 49/52 MP: 5/5
   114 | D        | Reached skill level 5 in Dodging
   116 | D        | Killed a jumping spider
   116 | D        | Reached skill level 7 in Axes
   116 | D        | Reached XP level 6. HP: 63/63 MP: 6/6
   121 | D        | Got the ring of Siymecro {rN+ SInv}
   123 | D        | Entered arena 4.
   123 | D        | Noticed a floating eye
   123 | D        | Noticed a floating eye
   123 | D        | Noticed a golden eye
   126 | D        | Killed a golden eye
   126 | D        | Reached *** piety under Makhleb
   126 | D        | Reached skill level 8 in Axes
   126 | D        | Reached XP level 7. HP: 70/70 MP: 7/7
   127 | D        | Paralysed by a floating eye for 3 turns
   129 | D        | Reached skill level 9 in Axes
   136 | D        | Entered arena 5.
   136 | D        | Noticed a merfolk
   136 | D        | Noticed a merfolk
   136 | D        | Noticed a merfolk
   136 | D        | Noticed a merfolk
   136 | D        | Noticed a merfolk
   142 | D        | Killed a merfolk
   142 | D        | Reached **** piety under Makhleb
   144 | D        | Killed a merfolk
   144 | D        | Reached skill level 10 in Axes
   144 | D        | Reached XP level 8. HP: 73/81 MP: 8/8
   146 | D        | Killed a merfolk
   147 | D        | Killed a merfolk
   147 | D        | Reached skill level 11 in Axes
   149 | D        | Killed a merfolk
   149 | D        | Reached ***** piety under Makhleb
   155 | D        | Entered arena 6.
   155 | D        | Noticed a slime creature
   155 | D        | Noticed an eye of devastation
   155 | D        | Noticed an eye of devastation
   161 | D        | Reached skill level 10 in Shields
   163 | D        | Killed an eye of devastation
   163 | D        | Reached skill level 12 in Axes
   163 | D        | Gained mutation: You passively map the area around you. [Deep Dwarf growth]
   163 | D        | Reached XP level 9. HP: 78/90 MP: 9/9
   164 | D        | Reached skill level 10 in Dodging
   165 | D        | Killed an eye of devastation
   165 | D        | Reached skill level 13 in Axes
   171 | D        | Got the ring of Domotzor {rN+ SInv}
   174 | D        | Entered arena 7.
   174 | D        | Noticed a cyclops
   174 | D        | Noticed a cyclops
   174 | D        | Noticed a merfolk
   181 | D        | Killed a cyclops
   181 | D        | Reached ****** piety under Makhleb
   187 | D        | Killed a cyclops
   187 | D        | Reached skill level 14 in Axes
   189 | D        | Killed a merfolk
   189 | D        | Reached XP level 10. HP: 99/99 MP: 10/10
   194 | D        | Entered arena 8.
   194 | D        | Noticed a deep elf mage
   194 | D        | Noticed a deep elf mage
   194 | D        | Noticed a deep elf knight
   194 | D        | Noticed a hand axe of chopping
   194 | D        | Noticed a deep elf knight
   194 | D        | Noticed a deep elf archer
   194 | D        | Noticed a deep elf mage
   198 | D        | Killed a deep elf mage
   200 | D        | Killed a hand axe of chopping
   200 | D        | Reached skill level 15 in Axes
   203 | D        | Killed a deep elf mage
   205 | D        | Killed a deep elf knight
   205 | D        | Reached skill level 10 in Fighting
   211 | D        | Killed a deep elf mage
   217 | D        | Killed a deep elf archer
   217 | D        | Reached skill level 16 in Axes
   219 | D        | Killed a deep elf knight
   224 | D        | Got the ring "Foppot" {Wiz rElec rC+ rN+}
   227 | D        | Entered arena 9.
   235 | D        | Reached XP level 11. HP: 99/110 MP: 11/11
   267 | D        | Entered arena 10.
   267 | D        | Noticed a deep elf demonologist
   267 | D        | Noticed a deep elf mage
   267 | D        | Noticed a deep elf mage
   267 | D        | Noticed a deep elf mage
   267 | D        | Noticed a deep elf archer
   267 | D        | Noticed a deep elf knight
   267 | D        | Noticed a deep elf mage
   267 | D        | Noticed a deep elf knight
   271 | D        | Killed a deep elf knight
   271 | D        | Reached skill level 17 in Axes
   274 | D        | Killed a deep elf knight
   278 | D        | Killed a deep elf mage
   278 | D        | Killed a deep elf mage
   283 | D        | Killed a deep elf demonologist
   283 | D        | Killed a deep elf mage
   287 | D        | Killed a deep elf archer
   290 | D        | Killed a deep elf mage
   290 | D        | Reached skill level 18 in Axes
   295 | D        | Got the ring of Cuhiguiph {rCorr *Corrode rPois rN++ SInv}
   297 | D        | Entered arena 11.
   297 | D        | Noticed a spriggan air mage
   297 | D        | Noticed a shambling mangrove
   297 | D        | Noticed a thorn hunter
   297 | D        | Noticed a spriggan air mage
   298 | D        | Noticed a spriggan rider
   298 | D        | Noticed a spriggan air mage
   298 | D        | Noticed an apis
   298 | D        | Noticed a spriggan rider
   301 | D        | HP: 1/111 [spriggan air mage/the air (23)]
   301 | D        | Killed from afar by a spriggan air mage

Vault maps used:
D:        sprint_v

Skill      XL: |  1  2  3  4  5  6  7  8  9 10 11 |
---------------+----------------------------------+-----
Fighting       | 3 4 5 6 7 8 9 10 11 | 11.2
Armour         | 4 5 7 8 9 |  9.9
Dodging        | 1 2 4 6 7 8 9 11 13 14 | 14.3
Shields        | 4 5 7 8 9 10 11 13 14 | 14.6
Axes           | 3 4 5 7 8 10 12 14 16 18 | 18.0

Action                   |  1- 3 |  4- 6 |  7- 9 | 10-12 || total
-------------------------+-------+-------+-------+-------++-------
Melee: Broad axe         |    10 |     5 |    31 |    57 ||   103
Armor: Plate armour      |     2 |     3 |    19 |    26 ||    50
Dodge: Dodged            |       |       |     7 |    17 ||    24
Block: Shield            |    12 |     6 |    58 |   129 ||   205
